[Event "*** Qualifier 1: Titled Tuesday 3|2 Blitz"]
[Site "Chess.com"]
[Date "2017.04.04"]
[Round "5"]
[White "GM_Donatello"]
[Black "davidarenas1224"]
[Result "0-1"]
[WhiteElo "2537"]
[BlackElo "2333"]
[TimeControl "180+2"]
[EndTime "14:12:39 PDT"]
[Termination "davidarenas1224 won by resignation"]

1. e4 c5 2. Nf3 d6 3. Bb5+ Bd7 4.
Bxd7+ Nxd7 5. O-O Ngf6 6. Qe2 e6 7.
d4 cxd4 8. Nxd4 Be7 9. c4 O-O 10. b3 a6 11. Bb2 Rc8 12. Nc3 Re8 13. Kh1 Qa5 14. Rac1 Bf8 15. f4 Qh5 16. Qxh5 Nxh5 17. g4 Nxf4 18. Rxf4 e5 19. Rff1 exd4 20. Nd5 Rxe4 21. h3 Ne5 22. Rcd1 Nc6 23. Kg2 Rce8 24. Rf2 Be7 25. a4 Bh4 26. Rfd2 Bg5 27. Rf2 Bh4 28. Rfd2 Be1 29. Rc2 Re2+ 30. Rxe2 Rxe2+ 31. Kf1 Rf2+ 32. Kg1 Rxb2 33. Rxe1 Ne5 34. c5 Nf3+ 35. Kf1 Nh2+ 36. Kg1 Nf3+ 37. Kf1 Nh2+ 38. Kg1 Nf3+ 39. Kf1 Nh2+ 40.
Kg1 Nf3+ 41. Kf1 Nh2+ 0-1

[Event "*** Qualifier 1: Titled Tuesday 3|2 Blitz"]
[Site "Chess.com"]
[Date "2017.04.04"]
[Round "5"]
[White "macko06"]
[Black "DuleMudule"]
[Result "0-1"]
[WhiteElo "2334"]
[BlackElo "2581"]
[TimeControl "180+2"]
[EndTime "14:12:44 PDT"]
[Termination "DuleMudule won by resignation"]

1. d4 d5 2. Bf4 Bf5 3. c4 e6 4. Nc3 Nc6 5. e3 Nf6 6. Nf3 a6 7. Be2 dxc4 8. Bxc4 h6 9. O-O Bd6 10.
Bg3 O-O 11. Ne5 Bxe5 12. dxe5 Nd7 13. e4 Ndxe5 14. exf5 Qxd1 15. Rfxd1 Nxc4 16. fxe6 fxe6 17.
Bxc7 Rac8 18. Bd6 Rfd8 19. Bf4 Nxb2 20. Rxd8+ Nxd8 21. Ne4 b5 22. Rb1 Na4 23. Rd1 Nf7 24.
h4 Nc3 25. Nxc3 Rxc3 26. Rd2 Rc4 27. g3 h5 28. Re2 Ra4 29. Bc1 e5 30. a3 e4 31. Bb2 Nd6 32. Bc1 Nf5 33. Kg2 Kf7 34.
Bb2 Nd6 35. Bc1 Ke6 36. f3 Kf5 37. fxe4+ Nxe4 38. Bb2 g6 39. Re3 Rc4 40. Re2 g5 41. hxg5 Kxg5 42. Be5 Kf5 43. Bb2 a5 44. Kf3 a4 45.
Bg7 Ng5+ 46. Kg2 Kg4 47. Rf2 Ne6 48. Be5 Re4 49. Bd6 Nd4 50. Rf6 Re2+ 51. Kf1 Rc2 52.
Rf4+ Kxg3 53. Rxd4+ Kf3 54. Rd5 Rc1+ 0-1

[Event "*** Qualifier 1: Titled Tuesday 3|2 Blitz"]
[Site "Chess.com"]
[Date "2017.04.04"]
[Round "5"]
[White "aNaartjieZA"]
[Black "twitchTriniCupid"]
[Result "0-1"]
[WhiteElo "2279"]
[BlackElo "2157"]
[TimeControl "180+2"]
[EndTime "14:12:44 PDT"]
[Termination "twitchTriniCupid won by resignation"]

1. e4 c6 2. d3 d5 3. Nd2 e6 4. Ngf3 g6 5. g3 Bg7 6. Bg2 Nf6 7. O-O O-O 8. e5 Nfd7 9. Re1 c5 10. Nf1 h6 11. h4 Qc7 12. Bf4 Nc6 13. Qe2 Nd4 14. Nxd4 cxd4 15. Nh2 Kh7 16. Ng4 b5 17.
Qd2 h5 18. Nf6+ Kh8 19. g4 hxg4 20. Nxg4 Bb7 21. Bh6 Rg8 22. Bxg7+ Rxg7 23. Qg5 Qd8 24. Nf6 Nxf6 25. exf6 Rh7 26. Bf3 Rc8 27. Rac1 Qd6 28. Kg2 b4 29. Rh1 e5 30. Rce1 Re8 31. h5 Rg8 32. h6 Re8 33. Re2 e4 34. Bg4 Re5 35.
Qf4 g5 36. Qg3 Qxf6 37. Qh3 Qf4 38. Bh5 Rxh6 39. Qd7 g4 40. Bxg4 Rxh1 41. Kxh1 Rg5 42. f3 exf3 43. Rh2+ Kg7 44. Rh4 f2 0-1

[Event "*** Qualifier 1: Titled Tuesday 3|2 Blitz"]
[Site "Chess.com"]
[Date "2017.04.04"]
[Round "5"]
[White "MITerryble"]
[Black "poummba"]
[Result "1-0"]
[WhiteElo "2736"]
[BlackElo "2388"]
[TimeControl "180+2"]
[EndTime "14:12:53 PDT"]
[Termination "MITerryble won on time"]

1. d4 g6 2. Nf3 Bg7 3. e4 d6 4. Bc4 Nf6 5. Qe2 O-O 6. O-O Bg4 7. Nbd2 Nc6 8. c3 e5 9. d5 Ne7 10. h3 Bd7 11. Bb5 Nh5 12. Bxd7 Nf4 13. Qd1 Qxd7 14. Nc4 f5 15. Bxf4 exf4 16. Ncd2 fxe4 17.
Nxe4 Qf5 18. c4 Qxe4 19. Re1 Qxc4 20. Rxe7 Rae8 21. Rc1 Qxa2 22. Rcxc7 Rxe7 23. Rxe7 Qxb2 24. Qd3 Rc8 25. Qe4 Rf8 26. Qe6+ Kh8 27. Qxd6 a5 28. Qd7 a4 29. Qxa4 Qc1+ 30. Kh2 Qf1 31. Qc2 b5 32. d6 b4 33. d7 b3 34. Qxb3 Qxf2 35. Re8 Qg3+ 36.
Kh1 1-0

[Event "*** Qualifier 1: Titled Tuesday 3|2 Blitz"]
[Site "Chess.com"]
[Date "2017.04.04"]
[Round "5"]
[White "Zlatan56"]
[Black "Bigfish1995"]
[Result "0-1"]
[WhiteElo "2642"]
[BlackElo "2659"]
[TimeControl "180+2"]
[EndTime "14:12:55 PDT"]
[Termination "Bigfish1995 won on time"]

1. Nf3 c5 2. c4 Nc6 3. d4 cxd4 4.
Nxd4 Nf6 5. g3 e5 6. Nb5 Bb4+ 7. Bd2 a6 8. Bxb4 axb5 9. Bd6 Qa5+ 10. Nd2 Ne4 11. c5 Nxd6 12. cxd6 Qb4 13. Bg2 Qxd6 14. O-O O-O 15. Ne4 Qb4 16. Qd2 d5 17. Qxb4 Nxb4 18.
Nd6 Rd8 19. Nxb5 Ra5 20. a4 Bd7 21. Nc3 d4 22. Ne4 Nc2 23. Rac1 Bxa4 24. Nd2 Nb4 25.
Bxb7 Ra7 26. Bf3 f5 27. Rc4 Rb8 28. g4 Bd7 29. gxf5 Bxf5 30. Be4 Bxe4 31. Nxe4 Nd5 32. Rc5 Rd7 33. Rfc1 Rdd8 34. R1c2 h6 35. Nd2 Ra8 36. Nf3 Nf4 37. h4 e4 38. Nxd4 Rxd4 39.
e3 Rd1+ 40. Kh2 Nd3 41. Rc7 Rf8 0-1

[Event "*** Qualifier 1: Titled Tuesday 3|2 Blitz"]
[Site "Chess.com"]
[Date "2017.04.04"]
[Round "5"]
[White "RichardLeyvaP"]
[Black "GMHess"]
[Result "1-0"]
[WhiteElo "2384"]
[BlackElo "2588"]
[TimeControl "180+2"]
[EndTime "14:13:04 PDT"]
[Termination "RichardLeyvaP won by resignation"]

1. e4 e5 2. Nf3 Nc6 3. Bb5 a6 4.
Bxc6 dxc6 5. Nc3 Qd6 6. d4 exd4 7. Qxd4 Bd7 8. Be3 Qxd4 9. Nxd4 O-O-O 10. O-O-O Nf6 11.
f3 Bd6 12. Kb1 h6 13. Nb3 Rhe8 14. Nc5 Be5 15. Ne2 b6 16. Nxd7 Nxd7 17. Bf4 Bf6 18. Ng3 Be7 19. Nf5 Bf8 20. c4 Nc5 21. Kc2 Ne6 22. Be3 c5 23. Rd5 c6 24. Rxd8+ Rxd8 25. Rd1 Rxd1 26. Kxd1 h5 27. Kd2 Kd7 28. f4 g6 29. Ng3 Bg7 30. b3 Kd6 31. Kd3 f6 32. f5 h4 33. Ne2 Nf8 34. Bf4+ Kd7 35. g4 g5 36. Bb8 Kc8 37. Bd6 Nd7 38. h3 Bf8 39.
Bh2 b5 40. Ng1 a5 41. Nf3 a4 42. e5 fxe5 43. Nxe5 Nxe5+ 44. Bxe5 Kd7 45. Bf6 Bh6 46. bxa4 bxa4 47. Kc2 Ke8 48. Kb2 Kf7 49. Bd8 Ke8 50.
Bb6 Bf8 51. Bc7 Kd7 52. Be5 1-0

[Event "*** Qualifier 1: Titled Tuesday 3|2 Blitz"]
[Site "Chess.com"]
[Date "2017.04.04"]
[Round "5"]
[White "Saitama_Hero"]
[Black "MorpheusPro"]
[Result "0-1"]
[WhiteElo "2184"]
[BlackElo "2092"]
[TimeControl "180+2"]
[EndTime "14:13:13 PDT"]
[Termination "MorpheusPro won by checkmate"]

1. d4 d5 2. Nf3 Bf5 3. c4 c6 4. Nc3 e6 5. e3 Nf6 6. h3 Nbd7 7. Bd2 Bd6 8. Nh4 Bg6 9. Nxg6 hxg6 10. cxd5 exd5 11. Rc1 O-O 12. Bd3 Re8 13. O-O Rc8 14.
a3 Bb8 15. b4 Qe7 16. Qb3 g5 17. Rfe1 g4 18. e4 gxh3 19. Bg5 Qe6 20. e5 Qg4 21. g3 Qxg5 22. exf6 Nxf6 23. Ne2 Ne4 24. Bxe4 Rxe4 25. b5 Rxe2 26. Rxe2 Qxc1+ 27. Kh2 Qf1 28. Qf3 cxb5 29. Re7 Rf8 30. Rxb7 Bd6 31. Rxa7 Bb8 32. Rb7 Bd6 33. Ra7 Bb8 34. Rd7 g6 35. Rxd5 Bc7 36. Rd7 Ba5 37.
d5 Be1 38. Rb7 Bxf2 39. d6 Bg1+ 40. Kh1 Qxf3+ 41. Kxg1 Qg2# 0-1

[Event "*** Qualifier 1: Titled Tuesday 3|2 Blitz"]
[Site "Chess.com"]
[Date "2017.04.04"]
[Round "5"]
[White "Alex_Molchanov"]
[Black "Sethu0025"]
[Result "1-0"]
[WhiteElo "2365"]
[BlackElo "2582"]
[TimeControl "180+2"]
[EndTime "14:13:17 PDT"]
[Termination "Alex_Molchanov won by resignation"]

1. d4 g6 2. c4 Bg7 3. Nc3 Nf6 4.
e4 O-O 5. Be3 c6 6. h3 d5 7. e5 Ne8 8. f4 Na6 9. Nf3 Nac7 10. c5 b6 11. b4 f6 12. Bd3 fxe5 13. fxe5 Bf5 14. O-O Bxd3 15. Qxd3 Ne6 16. Ng5 N8c7 17.
Ne2 Nxg5 18. Bxg5 Ne6 19. Bd2 bxc5 20. bxc5 Qd7 21. Rxf8+ Rxf8 22. Rb1 g5 23. Rf1 Rxf1+ 24. Kxf1 h6 25. Qg6 Nf8 26. Qd3 Qb7 27. Bc3 Ne6 28. Kf2 Qc8 29. Qf5 Qd7 30. g4 Nf8 31. Qd3 Qc8 32.
Ng3 e6 33. Nh5 Bh8 34. Kg3 Qe8 35. h4 gxh4+ 36. Kxh4 Qe7+ 37. Kg3 Qg5 38. Bd2 Qe7 39. Bxh6 Qf7 40. Bxf8 Kxf8 41. Nf4 Ke8 42. Qa6 Qd7 43. Qd3 Qf7 44. g5 Bg7 45. Kg4 Bf8 46. Qg6 Qxg6 47. Nxg6 Bg7 48. Nf4 Kf7 49. g6+ Ke7 50.
Kg5 a6 51. a3 a5 52. a4 Bh8 53. Kh6 Kf8 54. Kh7 1-0

[Event "*** Qualifier 1: Titled Tuesday 3|2 Blitz"]
[Site "Chess.com"]
[Date "2017.04.04"]
[Round "5"]
[White "RitvarsReimanis"]
[Black "gumersindo"]
[Result "1-0"]
[WhiteElo "2421"]
[BlackElo "2302"]
[TimeControl "180+2"]
[EndTime "14:13:22 PDT"]
[Termination "RitvarsReimanis won by resignation"]

1. d4 d5 2. c4 c6 3. Nf3 Nf6 4. e3 e6 5. b3 Nbd7 6. Bd3 b6 7. O-O Bb7 8. cxd5 exd5 9. Bb2 Bd6 10. Ne5 O-O 11. f4 c5 12. Nc3 a6 13. a4 Rc8 14. Rf3 c4 15. Bc2 Bb4 16. bxc4 dxc4 17. Rh3 Bxc3 18. Bxc3 g6 19. f5 Ne4 20. fxg6 fxg6 21. Bb4 Nxe5 22. Bxf8 Qxf8 23. Bxe4 Bxe4 24.
dxe5 c3 25. Rc1 c2 26. Qd4 Qa3 27. Qd2 b5 28. Rh4 Bd3 29. Rd4 Rc3 30. axb5 axb5 31. e6 b4 32. Rd8+ Kg7 33. e7 Bb5 34. e8=Q Bxe8 35.
Rxe8 Rc7 36. Rxc2 Qa1+ 37. Kf2 Rf7+ 38. Kg3 Qa5 39. Qd4+ Kh6 40. Qh4+ Kg7 41. Qd4+ Kh6 42. Re5 Qa4 43. Rc4 Qa2 44. Rxb4 Qf2+ 45. Kh3 Rf3+ 46.
gxf3 Qxf3+ 47. Kh4 Qf2+ 48. Kg4 Qe2+ 49. Kg3 Qe1+ 50.
Kf3 Qf1+ 51. Ke4 Qg2+ 52. Kd3 Qf1+ 53. Kc3 Qc1+ 54. Kb3 Qb1+ 55. Kc4 Qc2+ 56. Kd5 Qg2+ 1-0

[Event "*** Qualifier 1: Titled Tuesday 3|2 Blitz"]
[Site "Chess.com"]
[Date "2017.04.04"]
[Round "5"]
[White "rasmussvane"]
[Black "chipmunknau"]
[Result "1-0"]
[WhiteElo "2514"]
[BlackElo "2408"]
[TimeControl "180+2"]
[EndTime "14:13:24 PDT"]
[Termination "rasmussvane won on time"]

1. Nf3 Nf6 2. c4 e6 3. Nc3 d5 4. d4 Be7 5. Bf4 O-O 6. Rc1 c5 7. dxc5 Bxc5 8. e3 Nc6 9. a3 Re8 10. b4 Bf8 11. Be2 h6 12. O-O e5 13. Bg3 d4 14.
exd4 exd4 15. Nb5 Bg4 16. Nc7 Ne4 17. Nxe8 Qxe8 18. b5 Na5 19. Nxd4 Bxe2 20. Qxe2 Bc5 21.
Rfe1 Nf6 22. Be5 Nd7 23. Rcd1 Nb6 24. Nf5 f6 25. Qg4 Qf8 26. Bd6 Bxd6 27. Nxd6 Rd8 28. c5 Nd7 29. Nxb7 Nxb7 30. Rxd7 Rxd7 31. Qxd7 Nxc5 32.
Qd5+ Kh8 33. g3 f5 34. Qc6 Kh7 35. Re8 Qf7 36. Rc8 Ne4 37. Qe8 Qd5 38. Qh8+ Kg6 39. Rc6+ Nf6 40. Qe8+ Kh7 41. Qe2 Ne4 42. h4 Qd4 43. Qf3 Qa1+ 44. Kg2 Qe5 45. a4 Nd2 46. Qd3 Ne4 47. Rc8 Qb2 48. Qf3 Qe5 49. h5 Ng5 50.
Qd3 Ne4 51. Qd8 1-0

[Event "*** Qualifier 1: Titled Tuesday 3|2 Blitz"]
[Site "Chess.com"]
[Date "2017.04.04"]
[Round "5"]
[White "Sanan_Sjugirov"]
[Black "iturrizaga"]
[Result "0-1"]
[WhiteElo "2695"]
[BlackElo "2662"]
[TimeControl "180+2"]
[EndTime "14:13:27 PDT"]
[Termination "iturrizaga won by resignation"]

1. d4 Nf6 2. Nf3 b6 3. Bg5 Ne4 4. Bh4 Bb7 5. e3 d5 6. Nbd2 Nd7 7. Nxe4 dxe4 8. Nd2 Nf6 9. Bb5+ c6 10. Be2 g6 11.
Bxf6 exf6 12. Nxe4 f5 13. Nd2 f4 14. exf4 Qxd4 15. O-O O-O-O 16. Bd3 Qxf4 17. g3 Qd4 18. Qf3 f5 19. Rfe1 Bb4 20. Rad1 Qxb2 21. Re6 Qxa2 22.
Nc4 Bc5 23. Rde1 Kb8 24. R6e5 Qa4 25. Qf4 Bd6 26. Qe3 Bc7 27. Re7 Qb4 28. Qe6 Rc8 29.
Qf7 Rhd8 30. Qxh7 b5 31. Nb2 Qxb2 32. Qxg6 Qd4 33. Bxf5 c5 34. Bxc8 Rxc8 35. Re8 Qd5 36. Rxc8+ Bxc8 37. h4 a5 38. Qe4 Qxe4 39. Rxe4 a4 40.
h5 a3 41. f4 Bf5 42. Re1 b4 43.
h6 Bxc2 44. Kf2 a2 45. Kf3 b3 46. g4 b2 47. f5 a1=Q 0-1

[Event "*** Qualifier 1: Titled Tuesday 3|2 Blitz"]
[Site "Chess.com"]
[Date "2017.04.04"]
[Round "5"]
[White "TenisMaster"]
[Black "SantoBlue"]
[Result "1-0"]
[WhiteElo "2668"]
[BlackElo "2546"]
[TimeControl "180+2"]
[EndTime "14:13:30 PDT"]
[Termination "TenisMaster won by resignation"]

1. e4 g6 2. d4 Bg7 3. Nc3 d6 4.
Be3 a6 5. Qd2 Nd7 6. h4 h6 7. f4 h5 8. Nf3 Ngf6 9. Bd3 Ng4 10. e5 Nxe3 11. Qxe3 e6 12. d5 Nc5 13. O-O-O Nxd3+ 14. Rxd3 O-O 15. Kb1 exd5 16. Nxd5 Bf5 17. Rd2 Re8 18. Qc3 c6 19. Ne3 Be4 20. Ng5 Bd5 21.
Nxd5 cxd5 22. Rxd5 Qb6 23. Re1 Rac8 24. Qd3 Qf2 25.
Rf1 Qxg2 26. Rxd6 Rxc2 27. Qxc2 Qxf1+ 28. Qc1 Qf2 29. Rd7 Rf8 30. a3 b5 31. Ka2 Qxh4 32. Qd2 Qg4 33. Qd5 Qf5 34. Qd4 h4 35. Rd6 h3 36. Qf2 a5 37. Qh4 Rc8 38. Qh7+ Kf8 39. Rf6 Qd7 40. Rxf7+ Qxf7+ 41. Nxf7 Kxf7 42. Qxh3 Rc7 43. Qf3 g5 44. Qd5+ Ke8 45. f5 g4 46. f6 Bf8 47. Qa8+ Kf7 48. Qd5+ Kg6 49. Qe4+ Kf7 50. Qh7+ 1-0

[Event "*** Qualifier 1: Titled Tuesday 3|2 Blitz"]
[Site "Chess.com"]
[Date "2017.04.04"]
[Round "5"]
[White "MyleneFarmer"]
[Black "GameOverBro"]
[Result "0-1"]
[WhiteElo "2317"]
[BlackElo "2252"]
[TimeControl "180+2"]
[EndTime "14:13:30 PDT"]
[Termination "GameOverBro won on time"]

1. f4 e5 2. e4 d6 3. Nf3 Nf6 4.
Nc3 Nbd7 5. Bc4 Be7 6. d3 c6 7. Qe2 a5 8. a4 Qc7 9. Be3 Ng4 10. h3 Nxe3 11. Qxe3 Nf6 12. g4 h6 13. Rf1 Bd7 14.
O-O-O Rb8 15. g5 exf4 16. Qxf4 hxg5 17. Nxg5 Rf8 18. Rde1 b5 19. Bb3 bxa4 20. Nxa4 Rb4 21. Nc5 a4 22. Nxa4 Qa5 23. Nc3 Rxb3 24. cxb3 Nh5 25.
Qf3 Bxg5+ 26. Kc2 Nf4 27. e5 dxe5 28. d4 Bf5+ 29. Re4 Kd7 30. Rd1 exd4 31. Rxd4+ Kc7 32. Ra4 Qc5 33. Rc4 Qa5 34. Ra4 Qb6 35. Rc4 Kb7 36. b4 Re8 37. Na4 Rxe4 38. Rxe4 Qxb4 39. Nc3 Qd4 40. Kb3 Bxe4 41. Nxe4 Qd5+ 42. Kc2 Qf5 43. Kb3 Qd5+ 44. Kc2 Nxh3 45. Nxg5 Nxg5 46. Qc3 f6 47.
Qb4+ Ka6 48. Qa4+ Kb6 49. Qb4+ Qb5 50. Qf8 Qc5+ 51. Qxc5+ Kxc5 0-1

[Event "*** Qualifier 1: Titled Tuesday 3|2 Blitz"]
[Site "Chess.com"]
[Date "2017.04.04"]
[Round "5"]
[White "rithwik2002"]
[Black "alturas_pacificas"]
[Result "0-1"]
[WhiteElo "1803"]
[BlackElo "2046"]
[TimeControl "180+2"]
[EndTime "14:13:33 PDT"]
[Termination "alturas_pacificas won on time"]

1. d4 d5 2. Bf4 Nf6 3. e3 c5 4.
dxc5 e6 5. b4 a5 6. c3 Be7 7.
Nd2 O-O 8. a3 b6 9. cxb6 Qxb6 10. Ngf3 Nc6 11. Bd3 Ba6 12. Bxa6 Qxa6 13. Rb1 axb4 14.
axb4 Qd3 15. Qe2 Qxc3 16. O-O Nxb4 17. Rfc1 Qd3 18. Qxd3 Nxd3 19. Rc7 Nxf4 20. Rxe7 Ng6 21. Rc7 Rfc8 22. Rbc1 Rxc7 23. Rxc7 h6 24. g3 Rd8 25.
Nb3 Ne4 26. Na5 Ra8 27. Nc6 Ra1+ 28. Kg2 Ra2 29. Nce5 Rxf2+ 30. Kg1 Nxe5 31. Nxe5 Rf5 32. Nd3 h5 33. Nf4 Kh7 34. Kg2 Kh6 35. Rc8 Kh7 36. h3 Nf6 37. Rc7 g5 38. Nxe6 Kg6 39. Nf8+ Kg7 40.
Ne6+ Kg6 41. Nf8+ Kh6 42. Rxf7 g4 43. hxg4 hxg4 44. Ne6 Rf3 45. Nf4 Ne4 46. Re7 Rxg3+ 47. Kf1 Rxe3 48. Re6+ Kg5 0-1

[Event "*** Qualifier 1: Titled Tuesday 3|2 Blitz"]
[Site "Chess.com"]
[Date "2017.04.04"]
[Round "5"]
[White "korason34"]
[Black "Durarbayli"]
[Result "0-1"]
[WhiteElo "2363"]
[BlackElo "2624"]
[TimeControl "180+2"]
[EndTime "14:13:36 PDT"]
[Termination "Durarbayli won by resignation"]

1. d4 Nf6 2. c4 e6 3. Nc3 Bb4 4. Qc2 d5 5. Nf3 O-O 6. Bg5 h6 7. Bh4 Be7 8. e3 Nbd7 9. cxd5 exd5 10.
Bd3 c6 11. O-O Re8 12. Bg3 Nf8 13. h3 Bd6 14. Ne5 Ne6 15. Rab1 Ng5 16. b4 a6 17. a4 Nh5 18. Bh2 Nxh3+ 19. gxh3 Bxh3 20. Kh1 Bxf1 21. Rxf1 Qh4 22. Rg1 Bxe5 23. dxe5 Rxe5 24. Ne2 Rg5 25. Rxg5 hxg5 26. Nd4 Nf6 27. Kg2 Ne4 28. Bxe4 dxe4 29. Bg3 Qg4 30. Qe2 Qxe2 31. Nxe2 a5 32. b5 cxb5 33. axb5 a4 34. Be5 a3 35. Ba1 f5 36.
Kf1 Kf7 37. Ke1 Kg6 38. Kd2 Kh5 39. Nd4 Kg4 40. Ne6 g6 41. Nd4 Kh3 42. Ke2 Kg2 43. Ne6 Rc8 44. Kd2 Kxf2 45. Nxg5 Rd8+ 46. Kc2 Kxe3 47. Ne6 Rc8+ 48. Kb3 f4 49. Bd4+ Kd3 50. Be5 f3 51. Nf4+ Kd2 52. Nd5 f2 53. Bf4+ Ke2 54.
Ne3 Rf8 55. Bh6 Rf3 56. Kxa3 Rxe3+ 57. Bxe3 f1=Q 58. Kb4 Kxe3 0-1

[Event "*** Qualifier 1: Titled Tuesday 3|2 Blitz"]
[Site "Chess.com"]
[Date "2017.04.04"]
[Round "5"]
[White "stepanosinovsky"]
[Black "silverback96"]
[Result "1-0"]
[WhiteElo "2174"]
[BlackElo "2065"]
[TimeControl "180+2"]
[EndTime "14:13:47 PDT"]
[Termination "stepanosinovsky won by resignation"]

1. e4 c5 2. Nf3 Nc6 3. Bb5 g6 4. O-O Bg7 5. Bxc6 dxc6 6. h3 Nf6 7.
e5 Nd7 8. Re1 Nf8 9. d3 Ne6 10.
Be3 O-O 11. Qd2 Nd4 12. Nxd4 cxd4 13. Bh6 Be6 14. Qf4 Qd5 15. Nd2 a5 16. Qh4 a4 17.
Bxg7 Kxg7 18. Qxe7 Rae8 19. Qf6+ Kg8 20. Nf3 Bf5 21. Qh4 h5 22. Re2 a3 23. b3 Kg7 24.
Rae1 c5 25. Qf6+ Kg8 26. Qg5 Kg7 27. Qf4 b5 28. g4 hxg4 29. hxg4 Bc8 30. Kg2 Rh8 31.
Kg3 Bb7 32. Re4 Qd8 33. Ng5 Rhf8 34. Qf6+ Kg8 35. R4e2 Qxf6 36. exf6 Rb8 37. f4 c4 38.
Rh2 cxb3 39. cxb3 Rbe8 40. Ne4 Bxe4 41. dxe4 Rc8 42. Reh1 Rc3+ 43. Kh4 Rc5 44. e5 Re8 45. Kg5 Rexe5+ 46. fxe5 Rxe5+ 47. Kf4 1-0

[Event "*** Qualifier 1: Titled Tuesday 3|2 Blitz"]
[Site "Chess.com"]
[Date "2017.04.04"]
[Round "5"]
[White "keisyzrk"]
[Black "plouarzel"]
[Result "1/2-1/2"]
[WhiteElo "2254"]
[BlackElo "2386"]
[TimeControl "180+2"]
[EndTime "14:14:00 PDT"]
[Termination "Game drawn - insufficient material"]

1. d3 d5 2. Nf3 c5 3. e4 dxe4 4.
dxe4 Qxd1+ 5. Kxd1 Nf6 6. Bd3 Nc6 7. c3 Bg4 8. Ke2 Ne5 9. Bb5+ Kd8 10. Rd1+ Kc7 11. Bf4 Bxf3+ 12. gxf3 Kb6 13. Bxe5 Kxb5 14. a4+ Kc6 15. Na3 Nd7 16. Bf4 e5 17. Be3 Be7 18. Nc4 b6 19. Rd5 f6 20. Rad1 Rhd8 21. f4 exf4 22.
Bxf4 Nf8 23. Ne3 Ne6 24. Bg3 g6 25. f4 Nc7 26. R5d3 Rxd3 27. Rxd3 Rd8 28. f5 Rxd3 29. Kxd3 Ne8 30. h3 a6 31. Ke2 b5 32. axb5+ axb5 33. Kf3 Bd6 34. Bf2 Ng7 35. Kg4 Be5 36. h4 b4 37.
cxb4 cxb4 38. b3 Kb5 39. Nc4 h5+ 40. Kf3 gxf5 41. exf5 Nxf5 42. Ke4 Ng3+ 43. Kd5 Bc7 44. Ke6 Ne4 45. Be1 Nc5+ 46. Kxf6 Nxb3 47. Ne3 Nd4 48. Kg6 Nf3 49. Bxb4 Kxb4 50. Nd5+ Kc5 51. Nxc7 Nxh4+ 52. Kxh5 Nf5 53. Ne6+ Kd5 54. Nc5 Kxc5 1/2-1/2

[Event "*** Qualifier 1: Titled Tuesday 3|2 Blitz"]
[Site "Chess.com"]
[Date "2017.04.04"]
[Round "5"]
[White "oggy1984"]
[Black "Zhani-Z"]
[Result "1/2-1/2"]
[WhiteElo "2308"]
[BlackElo "2377"]
[TimeControl "180+2"]
[EndTime "14:14:04 PDT"]
[Termination "Game drawn - insufficient material"]

1. Nf3 Nf6 2. c4 e6 3. Nc3 c5 4.
e4 Nc6 5. Be2 d5 6. exd5 exd5 7.
cxd5 Nxd5 8. O-O Be7 9. d4 O-O 10. Nxd5 Qxd5 11. dxc5 Qxc5 12. Be3 Qf5 13. Nd4 Nxd4 14.
Qxd4 Bf6 15. Qb4 Be6 16. Bf3 a5 17. Qb6 Bd5 18. Bxd5 Qxd5 19. Rfd1 Qc6 20. Qxc6 bxc6 21. Rac1 Bxb2 22. Rxc6 Rfc8 23. Rxc8+ Rxc8 24. a4 f6 25. Rb1 Ba3 26. Ra1 Bb4 27. Kf1 Rc2 28. g3 Kf7 29. Kg2 Ke6 30. Kf3 f5 31. h3 g6 32. g4 Rc4 33. Rc1 Rxc1 34. Bxc1 Kf6 35. Bb2+ Ke6 36. Bg7 Bd6 37. Bc3 Bc7 38. gxf5+ Kxf5 39. Ke3 Bb6+ 40. Kf3 Ke6 41. Be1 Kd5 42. Kg4 h6 43. Bd2 Kc4 44. Bxh6 Bxf2 45. Bd2 Bb6 46. Kg5 Kb3 47.
Kxg6 Kxa4 48. h4 Bd4 49. h5 Kb5 50. Bxa5 Kxa5 51. h6 Kb5 52. Kf7 Kc6 53. Kg8 Kd5 54.
h7 Ke6 55. h8=Q Bxh8 1/2-1/2

[Event "*** Qualifier 1: Titled Tuesday 3|2 Blitz"]
[Site "Chess.com"]
[Date "2017.04.04"]
[Round "5"]
[White "biostatistician"]
[Black "Sebastian"]
[Result "0-1"]
[WhiteElo "2469"]
[BlackElo "2618"]
[TimeControl "180+2"]
[EndTime "14:14:07 PDT"]
[Termination "Sebastian won by resignation"]

1. d4 d5 2. c4 dxc4 3. e3 Nf6 4.
Bxc4 e6 5. Nf3 a6 6. O-O c5 7. b3 cxd4 8. Nxd4 Be7 9. Bb2 b5 10.
Be2 O-O 11. Bf3 Ra7 12. a4 e5 13. Nc6 Nxc6 14. Bxc6 Qc7 15. axb5 Be6 16. Nc3 Rd8 17. Qc2 Rc8 18. Rfc1 Qb8 19. Qd1 Bxb3 20. Qxb3 Rxc6 21. Nd5 Rxc1+ 22. Rxc1 axb5 23. Nxe7+ Rxe7 24. Rc5 b4 25. Qc4 Re8 26. Bxe5 Qd8 27. Bd4 Ne4 28. Rc7 Nd6 29. Qc6 Nf5 30. Rd7 Qa8 31. Qxa8 Rxa8 32.
g4 Nxd4 33. Rxd4 Rb8 34. Rd2 Kf8 35. Kf1 Ke7 36. Ke2 b3 37. Rb2 Ke6 38. Kd3 Kd5 39. Kc3 Ke4 40. Rxb3 Rxb3+ 41. Kxb3 Kf3 42. Kc4 Kxf2 43.
e4 Kf3 44. Kd5 Kxg4 45. Kd6 Kf4 46. Ke7 f6 47. Kf7 Kxe4 48. Kxg7 f5 49. Kxh7 f4 50.
h4 f3 51. h5 f2 52. h6 f1=Q 53. Kg8 Qg2+ 54. Kf7 Qh3 55. Kg7 Qg4+ 56. Kh8 Qc8+ 57. Kg7 Qd7+ 58. Kh8 Qe8+ 59. Kg7 Qe7+ 60. Kg8 Qg5+ 61. Kh7 Kf5 62. Kh8 Qxh6+ 63. Kg8 Qg6+ 64. Kh8 Qg5 0-1

[Event "*** Qualifier 1: Titled Tuesday 3|2 Blitz"]
[Site "Chess.com"]
[Date "2017.04.04"]
[Round "5"]
[White "penguingm1"]
[Black "gmcorrales"]
[Result "1/2-1/2"]
[WhiteElo "2603"]
[BlackElo "2580"]
[TimeControl "180+2"]
[EndTime "14:14:13 PDT"]
[Termination "Game drawn by agreement"]

1. d4 Nf6 2. c4 e6 3. Nc3 Bb4 4. Qc2 d5 5. cxd5 exd5 6. Bg5 h6 7.
Bh4 O-O 8. e3 Nbd7 9. Bd3 c5 10.
Ne2 c4 11. Bh7+ Kh8 12. Bf5 Nb6 13. Bxc8 Rxc8 14. O-O Re8 15. Rae1 Qd6 16. Ng3 Bxc3 17. bxc3 Ne4 18. Nxe4 Rxe4 19. Bg3 Qa3 20. Be5 Na4 21. f3 Rxe5 22. dxe5 Nxc3 23. Rc1 Nb5 24. Qd2 Qc5 25. Rfd1 Nc7 26. Qd4 Qxd4 27. Rxd4 b5 28. a3 a5 29. e4 dxe4 30. Rxe4 Ne6 31. f4 Nc5 32. Re3 Rd8 33. Rc2 g6 34. Kf2 Rd4 35. g3 Kg8 36.
Ke2 Nb3 37. Rec3 a4 38. Ke3 Rd1 39. Ke4 Kf8 40. Rf2 Ke7 41. f5 Nd2+ 42. Kf4 g5+ 43. Ke3 Nb1 44. Rcc2 Rd3+ 45. Ke4 Nc3+ 46. Rxc3 Rxc3 47.
Rd2 f6 48. e6 Rxa3 49. Rd7+ Ke8 50. Rb7 Ra1 51. Rxb5 Re1+ 52. Kd4 a3 53. Ra5 g4 54. Rxa3 Re5 55. Ra8+ Ke7 56. Ra7+ Ke8 57. Rh7 Rxf5 58. Kxc4 h5 59. Kd4 Re5 60. Kd3 Re1 61. Kd4 Re5 62. e7 Kd7 63. Rf7 Re2 64. Rxf6 Rxh2 65. Rf7 Ke8 66. Rh7 Rg2 67. Ke5 Rxg3 68. Rxh5 Kxe7 69.
Kf4 Rg1 70. Rg5 1/2-1/2

[Event "*** Qualifier 1: Titled Tuesday 3|2 Blitz"]
[Site "Chess.com"]
[Date "2017.04.04"]
[Round "5"]
[White "Fandorine"]
[Black "GMMelik"]
[Result "1/2-1/2"]
[WhiteElo "2628"]
[BlackElo "2485"]
[TimeControl "180+2"]
[EndTime "14:14:13 PDT"]
[Termination "Game drawn by repetition"]

1. e4 e5 2. Bc4 Nf6 3. d3 Nc6 4. Nf3 Bc5 5. c3 d6 6. a4 a6 7. O-O O-O 8. h3 Ba7 9. Re1 Ne7 10.
Nbd2 Ng6 11. Nf1 h6 12. Ng3 Re8 13. a5 Be6 14. Bxe6 Rxe6 15. d4 exd4 16. Nxd4 Re8 17. Qb3 Rb8 18. Bd2 d5 19. exd5 Qxd5 20. Qxd5 Nxd5 21.
Nf3 Ndf4 22. Rxe8+ Rxe8 23. Bxf4 Nxf4 24. Rd1 Ne2+ 25.
Kf1 Nxg3+ 26. fxg3 Bc5 27. g4 Bd6 28. Nd4 Re5 29.
b4 g6 30. Rd3 Rd5 31. Ke2 c5 32. Nc2 Rxd3 33. Kxd3 cxb4 34. cxb4 Kf8 35. Kc4 Ke7 36. Nd4 Kd7 37. Nf3 Bg3 38. Kd5 f5 39. gxf5 gxf5 40. Nd4 Be1 41. Kc4 f4 42. Nf5 h5 43. Nd4 Kd6 44. Nc2 Bf2 45. Nd4 Ke5 46. Nb3 f3 47.
gxf3 Kf4 48. Nc5 Kxf3 49. Nxb7 Kg3 50. Nc5 Kxh3 51. Nxa6 h4 52. b5 Kg2 53. b6 h3 54.
Nc5 h2 55. a6 h1=Q 56. a7 Qc1+ 57. Kd3 Qxc5 58. a8=Q+ Kf1 59. Qh1+ Bg1 60. Qf3+ Bf2 61. Qh1+ Bg1 62. Qf3+ Bf2 63. Qh1+ Bg1 64. Qf3+ Bf2 1/2-1/2